 Dungeon Crawl Stone Soup version 0.20-a0-681-gf83e07f (webtiles) character file.

143 kae the Skirmisher (level 5, -3/47 HPs)
             Began as a Minotaur Fighter on Feb 18, 2017.
             Killed by nerve-wracking pain
             ... invoked by an orc priest
              (13 damage)
             ... on level 3 of the Dungeon.
             The game lasted 00:01:22 (1847 turns).

kae the Skirmisher (Minotaur Fighter)               Turns: 1847, Time: 00:01:23

Health: -3/47      AC:  7    Str: 21    XL:     5   Next: 4%
Magic:  4/4        EV:  7    Int:  5    God:
Gold:   125        SH:  9    Dex: 10    Spells: 4/4 levels left

rFire    + . .     SeeInvis +   a - +0 war axe
rCold    . . .     Gourm    .   b - +0 scale mail
rNeg     . . .     Faith    .   c - +0 shield
rPois    .         Spirit   .   (helmet restricted)
rElec    .         Reflect  .   (no cloak)
rCorr    .         Harm     .   (no gloves)
MR       .....                  (no boots)
Stlth    ..........             q - amulet of magic regeneration
Regen    0.2/turn               j - ring of protection from fire
MPRegen  0.2/turn               g - ring of see invisible

@: no status effects
A: retaliatory headbutt, horns 2
a: no special abilities


You were on level 3 of the Dungeon.
You were not hungry.

You visited 1 branch of the dungeon, and saw 3 of its levels.

You collected 125 gold pieces.

Inventory:

Hand Weapons
 a - a +0 war axe (weapon)
Armour
 b - a +0 scale mail (worn)
 c - a +0 shield (worn)
Jewellery
 g - a ring of see invisible (left hand)
 j - a ring of protection from fire (right hand)
 q - an amulet of magic regeneration (around neck)
 r - an uncursed ring of wizardry
Scrolls
 e - 3 scrolls of remove curse {unknown}
 h - a scroll of teleportation {unknown}
 l - 3 scrolls of amnesia {unknown}
 m - a scroll of noise {unknown}
 n - 2 scrolls of identify {unknown}
 s - a scroll of magic mapping {unknown}
 t - a scroll of fear {unknown}
 v - a scroll of enchant weapon {unknown}
Potions
 d - 3 potions of might
 i - a potion of lignification {unknown}
 k - a potion of agility {unknown}
 o - a potion of brilliance {unknown}
Comestibles
 f - a bread ration
 p - 2 fruits
 u - a meat ration


   Skills:
 + Level 4.9 Fighting
 + Level 3.3 Axes
 + Level 4.7 Armour
 + Level 4.6 Shields


You had 4 spell levels left.
You didn't know any spells.

Dungeon Overview and Level Annotations

Branches:
Dungeon (3/15)

Altars:
Fedhas
Sif Muna
Vehumet


Innate Abilities, Weirdness & Mutations

You reflexively headbutt those who attack you in melee.
You have a pair of horns on your head.


Message History

You are too injured to fight recklessly!
You are too injured to fight recklessly!
You hit the orc.
You kill the orc!
You hit the kobold.
You kill the kobold!
You hit the goblin.
You kill the goblin!
Your shield and scale mail prevent you from hitting the orc priest.
The orc priest hits you. You block the rat's attack.
The orc priest mumbles some strange prayers to Beogh against you.
Pain shoots through your body!
* * * LOW HITPOINT WARNING * * *
You barely miss the orc priest. You hit the rat.
You kill the rat!
The orc priest barely misses you.
You barely miss the orc priest.
The orc priest calls down the wrath of Beogh upon you.
Pain shoots through your body!
You die...

##.#####.#
.#####.#
.........####..
#.#
#..####........
... ##.#####..
.## #.........
#..#####.. #
#..# . #..#
#@)#
#....o)........
#.##.#.....#.#.
#.#...(.... #
#..$....#
..........
##.....###
#.....#


You could see an orc priest.

Vanquished Creatures
  An orc priest (D:3)
  2 adders
  A gnoll (D:1)
  An ooze (D:3)
  4 worms
  A dart slug (D:2)
  3 leopard geckos
  3 orcs (D:3)
  7 bats
  A giant cockroach (D:1)
  10 goblins
  3 hobgoblins
  4 jackals (D:1)
  2 quokkas (D:2)
  A ball python (D:1)
  4 frilled lizards
  9 kobolds
  10 rats
67 creatures vanquished.

Notes
Turn   | Place    | Note
-------+----------+-------------------------------------------
     0 | D:1      | kae the Minotaur Fighter began the quest for the Orb.
     0 | D:1      | Reached XP level 1. HP: 19/19 MP: 0/0
    15 | D:1      | Reached XP level 2. HP: 25/27 MP: 1/1
   319 | D:1      | Reached XP level 3. HP: 25/33 MP: 2/2
   783 | D:2      | Found a radiant altar of Vehumet.
  1061 | D:2      | Reached XP level 4. HP: 37/41 MP: 3/3
  1762 | D:3      | Found a blossoming altar of Fedhas.
  1763 | D:3      | Found a deep blue altar of Sif Muna.
  1841 | D:3      | Reached XP level 5. HP: 46/47 MP: 4/4
  1847 | D:3      | Killed from afar by an orc priest

Vault maps used:
D:1:      erik_arrival_blinker_ship, hangedman_decor_clover_reticule,
          st_stairs_13, nrook_mini_backslash, serial_bayou_pond_e
D:2:      lemuel_crystal_altar
D:3:      chequers_temple_overflow_statue_of_worship

Skill      XL: |  1  2  3 |
---------------+----------+-----
Fighting       | 4 |  4.9
Armour         | 4 |  4.7
Shields        | 4 |  4.6
Axes           | 3 |  3.3

Action                   |  1- 3 |  4- 6 || total
-------------------------+-------+-------++-------
Melee: War axe           |    97 |    59 ||   156
       Headbutt          |    13 |     8 ||    21
  Eat: Chunk             |       |     3 ||     3
Armor: Scale mail        |    47 |    16 ||    63
Dodge: Dodged            |    27 |    26 ||    53
Block: Shield            |    51 |    33 ||    84
